 Dungeon Crawl Stone Soup version 0.17.1-3-g152610e (webtiles) character file.

879 DanteCalvez the Covert (level 7, -7/46 HPs)
             Began as a Vampire Enchanter on Apr 19, 2016.
             Mangled by a gnoll sergeant
             ... wielding a +0 spear
              (9 damage)
             ... on level 5 of the Dungeon.
             The game lasted 00:08:54 (4338 turns).

DanteCalvez the Covert (Vampire Enchanter)          Turns: 4338, Time: 00:08:54

Health: -7/46      AC:  6    Str:  8    XL:     7   Next: 75%
Magic:  2/14       EV:  6    Int: 19    God:
Gold:   207        SH:  0    Dex: 14    Spells: 3 memorised, 10 levels left

rFire  . . .     SeeInvis +     a - +1 dagger
rCold  + + .     Clarity  .     b - +1 robe
rNeg   + + +     SustAt   .     (no shield)
rPois  +         Gourm    .     d - +0 helmet
rElec  .         Spirit   .     f - +1 cloak
rCorr  .         Warding  .     (no gloves)
rMut   .         Stasis   .     (no boots)
MR     +....                    (no amulet)
Stlth  +++++.....               (no ring)
                                o - ring of protection from magic

@: held, regenerating slowly, somewhat resistant to hostile enchantments, quite
stealthy
A: fangs 3, see invisible, unbreathing
a: Bat Form


You were on level 5 of the Dungeon.
You were near bloodless.

You visited 1 branch of the dungeon, and saw 5 of its levels.

You collected 207 gold pieces.


Innate Abilities, Weirdness & Mutations

You heal slowly.
You have razor-sharp teeth.
You have supernaturally acute eyesight.
You can survive without breathing.


   Skills:
 - Level 1.1 Short Blades
 - Level 2.1 Dodging
 + Level 9.0 Stealth
 + Level 5.0 Spellcasting
 + Level 8.6 Hexes


You had 10 spell levels left.
You knew the following spells:

 Your Spells              Type           Power        Failure   Level  Hunger
a - Corona                Hex            #####..      1%          1    None
c - Confuse               Hex            #####...     1%          3    ##.....
s - Ensorcelled Hibernat  Hex/Ice        ###...       3%          2    #......

Inventory:

Hand Weapons
 a - a +1 dagger (weapon)
Armour
 b - a +1 robe (worn)
 d - a +0 helmet (worn)
 f - a +1 cloak (worn)
Jewellery
 o - a ring of protection from magic (left hand)
 r - an uncursed ring of stealth {unknown}
Wands
 u - a wand of disintegration (11)
 w - a wand of random effects (19)
Scrolls
 g - a scroll of magic mapping {unknown}
 h - 4 scrolls of remove curse
 k - 2 scrolls of teleportation {unknown}
 l - 5 scrolls of identify {unknown}
 s - a scroll of fear {unknown}
 t - a scroll of enchant armour {unknown}
 v - 2 scrolls of recharging {unknown}
 x - a scroll of immolation {unknown}
Potions
 e - a potion of haste {unknown}
 i - 3 potions of might {unknown}
 j - a potion of cancellation {unknown}
 m - 2 potions of lignification {unknown}
 n - 2 potions of flight {unknown}
 p - 2 potions of heal wounds {unknown}
 q - 13 potions of blood {@q4}
 z - a potion of magic {unknown}
Books
 c - a book of Maledictions

   Spells                             Type                      Level
   a - Corona                         Hexes                        1
   b - Ensorcelled Hibernation        Hexes/Ice                    2
   c - Confuse                        Hexes                        3
   d - Tukima's Dance                 Hexes                        3
   e - Dazzling Spray                 Conjuration/Hexes            3

Dungeon Overview and Level Annotations

Branches:
Dungeon (5/15)
 Temple: D:4-7

Altars:
Vehumet

##.## ##.###
#####...#####..>####
<......[...........#
#####...#####...##.#
##.##≈≈≈≈≈≈≈≈≈.#
#.##≈##≈≈≈##≈.#
#...≈#######≈.#
###.≈≈#..g#≈≈.#
###### #.≈≈#(.ggV..#
.....# #.≈≈#...#≈≈##
.###.# #.≈#######≈#
.###<###.≈##≈≈≈##≈#
.........≈≈≈≈≈≈≈≈≈#
####.#########.####
####.# #.# .....#
######.# ######
#......#


You could see a gnoll sergeant and 2 gnolls.


Message History

Aiming: Confuse
Aim: a gnoll sergeant, wielding a spear and wearing a scale mail (chance to defeat MR: 65%)
The gnoll sergeant struggles to resist.
Aiming: Confuse
Aim: a gnoll sergeant, wielding a spear and wearing a scale mail (chance to defeat MR: 65%)
The gnoll struggles to resist.
The gnoll sergeant hits you from afar with a spear.
The gnoll barely misses you. The gnoll hits you with a club.
Aiming: Confuse
Aim: a gnoll sergeant, wielding a spear and wearing a scale mail (chance to defeat MR: 65%)
The gnoll struggles to resist.
The gnoll sergeant hits you but does no damage.
The gnoll completely misses you.
The gnoll hits you from afar with a halberd.
Aiming: Confuse
Aim: a gnoll sergeant, wielding a spear and wearing a scale mail (chance to defeat MR: 65%)
The gnoll appears confused.
The gnoll sergeant hits you from afar with a spear.
You try to slip out of the net.
The gnoll closely misses the gnoll.
The gnoll hits you from afar with a halberd.
* * * LOW HITPOINT WARNING * * *
The gnoll sergeant hits you but does no damage.
You struggle against the net.
The gnoll falls into the water!
The gnoll drowns.
You hear a splash.
Your Spellcasting skill increases to level 5!
The gnoll hits you from afar with a halberd.
* * * LOW HITPOINT WARNING * * *
The gnoll sergeant hits you from afar with a spear!
You die...

Action                   |  1- 3 |  4- 6 |  7- 9 || total
-------------------------+-------+-------+-------++-------
Melee: Dagger            |    52 |   120 |    52 ||   224
 Cast: Corona            |     1 |       |       ||     1
       Ensorcelled Hiber |    12 |    27 |     6 ||    45
       Confuse           |       |     9 |    11 ||    20
 Abil: End Transformatio |       |     1 |       ||     1
       Bat Form          |       |     1 |       ||     1
  Use: Scroll            |     1 |       |       ||     1
       Potion            |       |     3 |       ||     3
 Stab: Sleeping          |    22 |    19 |     9 ||    50
       Confused          |       |     6 |     6 ||    12

Vault maps used:
D:1:      dpeg_arrival_long_road, roderic_curled_sauvastika, fountainhead,
          minmay_misc_feat_cross, kennysheep_small_spiral
D:2:      first_bread, moated_statue, kennysheep_boxes
D:3:      lemuel_crystal_altar
D:4:      minmay_temple_entry_from_below_a, uniq_menkaure
D:5:      lightli_minifort, uniq_grinder

Notes
Turn   | Place    | Note
--------------------------------------------------------------
     0 | D:1      | DanteCalvez the Vampire Enchanter began the quest for the Orb.
     0 | D:1      | Reached XP level 1. HP: 13/13 MP: 3/3
   407 | D:1      | Reached XP level 2. HP: 16/19 MP: 3/5
   907 | D:2      | Learned a level 2 spell: Ensorcelled Hibernation
  1002 | D:2      | Reached skill level 5 in Stealth
  1002 | D:2      | Reached skill level 5 in Hexes
  1037 | D:2      | Reached XP level 3. HP: 6/24 MP: 0/6
  1055 | D:2      | HP: 1/24 [gnoll/whip (6)]
  1294 | D:2      | Learned a level 3 spell: Confuse
  1673 | D:3      | Reached XP level 4. HP: 30/30 MP: 5/8
  2013 | D:3      | Reached skill level 3 in Spellcasting
  2075 | D:3      | Reached skill level 6 in Stealth
  2099 | D:3      | Found a radiant altar of Vehumet.
  2394 | D:3      | Reached skill level 6 in Hexes
  2394 | D:3      | Reached XP level 5. HP: 35/35 MP: 3/9
  2748 | D:4      | Noticed a phantom
  2791 | D:4      | Killed a phantom
  2791 | D:4      | Reached skill level 7 in Stealth
  2888 | D:4      | Noticed an ogre
  2897 | D:4      | Killed an ogre
  2897 | D:4      | Reached skill level 7 in Hexes
  2897 | D:4      | Reached XP level 6. HP: 41/41 MP: 5/11
  2925 | D:4      | Noticed Menkaure
  2939 | D:4      | Killed Menkaure
  2939 | D:4      | Reached skill level 4 in Spellcasting
  2981 | D:4      | Reached skill level 8 in Stealth
  3483 | D:4      | Reached XP level 7. HP: 46/46 MP: 10/13
  3645 | D:5      | Entered Level 5 of the Dungeon
  3711 | D:5      | Noticed Grinder
  3715 | D:5      | Noticed Locuples's ghost (amateur MfAs)
  3747 | D:5      | Killed Locuples's ghost
  3747 | D:5      | Reached skill level 8 in Hexes
  4331 | D:5      | Reached skill level 9 in Stealth
  4338 | D:5      | Reached skill level 5 in Spellcasting
  4338 | D:5      | HP: 2/46 [gnoll/halberd (5)]
  4338 | D:5      | Mangled by a gnoll sergeant

Vanquished Creatures
  The ghost of Locuples the Sneak, an amateur MfAs (D:5)
  Menkaure (D:4)
  A phantom (D:4)
  An ogre (D:4)
  A scorpion (D:5)
  2 crimson imps
  An orc priest (D:3)
  A jelly (D:5)
  3 worker ants
  A hound skeleton (D:5)
  3 adders (D:3)
  9 gnolls
  4 adder skeletons (D:5)
  2 giant geckos (D:3)
  11 orcs (D:3)
  5 bats
  2 giant cockroaches (D:3)
  8 goblins
  2 hobgoblins
  3 giant newts (D:2)
  4 jackals (D:3)
  A jackal zombie (D:5)
  5 kobolds
  3 quokkas (D:3)
  6 rats
81 creatures vanquished.
